AoeStats
← dubege

Arabia

507604146Analyzed
1v1 RM · 14d ago on Sep 19, 2026· 36m 43s· 2 players
Game mode
Random Map
Map size
Tiny (2 player)
Population
200
Speed
Normal
Resources
Standard
Victory
Conquest
Starting age
Dark Age
Ending age
Imperial Age
RankedLock teamsTeams togetherTeam positionsShared explorationLock speedFull tech treeHidden civsTurbo modeCheats
Victory
Defeat
🇨🇱 Muisca · Chile
1026
+16
🇹🇷 Vietnamese · Türkiye
1035
-16
lerbismancillag
0:28 Loom
11:37 Feudal Age
11:45 Champi Runner
13:11 Horse Collar
14:43 Forging
15:44 Scale Mail Armor
18:41 Wheelbarrow
22:44 Castle Age
22:55 Champi Warrior
23:36 Squires
25:31 Iron Casting
26:51 Hand Cart
29:52 Double-Bit Axe
30:59 Town Watch
31:13 Fletching
31:42 Heavy Plow
33:04 Gold Mining
34:25 Bow Saw
34:55 Gold Shaft Mining
36:31 Stone Mining
39:41 Imperial Age
dubege
7:09 Loom
10:11 Feudal Age
12:35 Fletching
13:13 Gold Mining
24:07 Forging
24:25 Scale Barding Armor
29:32 Castle Age
28:43 Bloodlines
29:17 Double-Bit Axe
36:33 Bodkin Arrow
Connection lost

Rejoining the realm…

Still unreachable

The connection could not be restored.

Session expired

The server has moved on; the page needs a fresh start.